[ AOE2 MATCH · #477686818 ]
Team RMSpanish vs Britons
[ REPLAY ANALYSIS · EXTRACTED FROM THE RECORDED GAME ]
Feudal
14:53
Castle
21:49
Imperial
39:48
| APM avg | 34.0 |
| APM peak | 99 |
| eAPM avg | 19.6 |
| Villagers / military | 131 / 354 |
Focus
⚔️ 33.4% · 🌾 66.6%
Conquistador ×91 · Knight ×84 · Scout Cavalry ×55 · Missionary ×39 · Spearman ×37 · Hand Cannoneer ×27
Feudal
14:38
Castle
25:28
Imperial
38:31
| APM avg | 26.1 |
| APM peak | 75 |
| eAPM avg | 10.7 |
| Villagers / military | 121 / 291 |
Focus
⚔️ 37.2% · 🌾 62.8%
Skirmisher ×165 · Longbowman ×98 · Archer ×28
Feudal
13:09
Castle
17:07
Imperial
43:39
| APM avg | 33.3 |
| APM peak | 74 |
| eAPM avg | 13.6 |
| Villagers / military | 128 / 201 |
Focus
⚔️ 32.2% · 🌾 67.8%
Steppe Lancer ×77 · Skirmisher ×55 · Mangudai ×34 · Battering Ram ×12 · Monk ×6 · Mangonel ×6
Feudal
16:14
Castle
22:10
Imperial
53:51
| APM avg | 17.5 |
| APM peak | 64 |
| eAPM avg | 11.3 |
| Villagers / military | 122 / 311 |
Focus
⚔️ 36.6% · 🌾 63.4%
Skirmisher ×140 · Spearman ×86 · Coustillier ×65 · Knight ×19 · Fishing Ship ×8 · Monk ×1
Match map
Initial resources + every placement click. Lines = walls · curves = elevation contours. ◆ gold · ⬟ stone · ● berries · ✦ relic · ◌ wall gap
Inputs per minute
— Glue Balloons - - Deano
Build order — Glue Balloons
First 150 of 543 actions detected
| 0:24 | Build | Town Center |
| 2:40 | Create | Villager (Male) |
| 2:41 | Create | Villager (Male) |
| 2:41 | Create | Villager (Male) |
| 2:41 | Create | Villager (Male) |
| 3:34 | Build | House |
| 3:37 | Build | House |
| 4:23 | Create | Villager (Male) |
| 4:23 | Create | Villager (Male) |
| 4:50 | Create | Villager (Male) |
| 4:55 | Build | Lumber Camp |
| 5:31 | Research | Loom |
| 5:42 | Create | Villager (Male) |
| 5:42 | Create | Villager (Male) |
| 5:42 | Create | Villager (Male) |
| 6:33 | Create | Villager (Male) |
| 6:33 | Create | Villager (Male) |
| 6:51 | Create | Villager (Male) |
| 6:52 | Create | Villager (Male) |
| 7:19 | Build | House |
| 7:24 | Build | Mill |
| 8:07 | Create | Villager (Male) |
| 8:08 | Create | Villager (Male) |
| 8:08 | Create | Villager (Male) |
| 8:08 | Create | Villager (Male) |
| 8:30 | Create | Villager (Male) |
| 8:30 | Create | Villager (Male) |
| 8:45 | Create | Villager (Male) |
| 8:46 | Create | Villager (Male) |
| 8:46 | Create | Villager (Male) |
| 9:02 | Build | House |
| 9:06 | Build | Lumber Camp |
| 9:18 | Build | Lumber Camp |
| 9:39 | Build | Lumber Camp |
| 9:57 | Create | Villager (Male) |
| 9:57 | Create | Villager (Male) |
| 10:27 | Create | Villager (Male) |
| 10:54 | Create | Villager (Male) |
| 11:20 | Build | House |
| 12:09 | Create | Villager (Male) |
| 12:33 | Research | Feudal Age |
| 12:45 | Build | Barracks |
| 12:54 | Build | Farm |
| 12:55 | Build | Farm |
| 12:55 | Build | Farm |
| 12:56 | Build | Farm |
| 13:01 | Build | Farm |
| 13:04 | Build | Farm |
| 13:33 | Create | Villager (Male) |
| 13:33 | Create | Villager (Male) |
| 13:33 | Create | Villager (Male) |
| 13:34 | Create | Villager (Male) |
| 14:04 | Build | Farm |
| 14:07 | Build | Farm |
| 14:08 | Build | Farm |
| 14:11 | Build | Farm |
| 14:37 | Build | Farm |
| 14:53 | Age | Feudal Age |
| 14:58 | Build | Stable |
| 15:00 | Create | Spearman |
| 15:00 | Create | Spearman |
| 15:00 | Create | Spearman |
| 15:00 | Create | Spearman |
| 15:17 | Research | Double-Bit Axe |
| 15:19 | Create | Spearman |
| 15:45 | Build | House |
| 15:47 | Build | House |
| 15:57 | Build | House |
| 16:06 | Research | Wheelbarrow |
| 16:14 | Research | Horse Collar |
| 16:14 | Research | Horse Collar |
| 16:37 | Create | Villager (Male) |
| 16:50 | Build | Mill |
| 16:59 | Create | Villager (Male) |
| 17:00 | Create | Villager (Male) |
| 17:18 | Build | Farm |
| 17:19 | Build | Farm |
| 18:17 | Create | Villager (Male) |
| 18:22 | Build | Blacksmith |
| 18:44 | Create | Villager (Male) |
| 18:57 | Research | Castle Age |
| 18:57 | Research | Castle Age |
| 19:12 | Create | Spearman |
| 19:12 | Create | Spearman |
| 19:28 | Create | Villager (Male) |
| 19:29 | Create | Villager (Male) |
| 19:29 | Create | Villager (Male) |
| 19:29 | Create | Villager (Male) |
| 20:08 | Create | Spearman |
| 20:08 | Create | Spearman |
| 20:09 | Create | Spearman |
| 20:14 | Research | Scale Barding Armor |
| 20:15 | Research | Forging |
| 20:23 | Research | Scale Mail Armor |
| 20:38 | Build | Mining Camp |
| 21:18 | Create | Spearman |
| 21:18 | Create | Spearman |
| 21:25 | Research | Bloodlines |
| 21:49 | Age | Castle Age |
| 21:56 | Build | Town Center |
| 22:07 | Create | Villager (Male) |
| 22:07 | Create | Villager (Male) |
| 22:33 | Research | Pikeman (upgrade) |
| 23:11 | Create | Knight |
| 23:11 | Create | Knight |
| 23:11 | Create | Knight |
| 23:26 | Build | House |
| 23:36 | Build | Farm |
| 23:36 | Build | Farm |
| 23:39 | Create | Villager (Male) |
| 23:40 | Create | Villager (Male) |
| 23:40 | Create | Villager (Male) |
| 23:40 | Create | Villager (Male) |
| 23:40 | Create | Villager (Male) |
| 23:40 | Create | Villager (Male) |
| 23:41 | Create | Villager (Male) |
| 23:41 | Create | Villager (Male) |
| 23:41 | Create | Villager (Male) |
| 23:43 | Create | Villager (Male) |
| 23:43 | Create | Villager (Male) |
| 24:10 | Create | Knight |
| 24:15 | Create | Villager (Male) |
| 24:15 | Create | Villager (Male) |
| 24:15 | Create | Villager (Male) |
| 24:18 | Create | Villager (Male) |
| 24:18 | Create | Villager (Male) |
| 24:18 | Create | Villager (Male) |
| 24:48 | Research | Gold Mining |
| 24:49 | Research | Stone Mining |
| 24:59 | Build | House |
| 25:02 | Build | House |
| 25:03 | Build | House |
| 25:04 | Build | House |
| 25:29 | Create | Villager (Male) |
| 25:29 | Create | Villager (Male) |
| 25:30 | Create | Villager (Male) |
| 25:30 | Create | Villager (Male) |
| 25:36 | Create | Knight |
| 25:37 | Research | Husbandry |
| 25:39 | Research | Chain Barding Armor |
| 25:54 | Create | Villager (Male) |
| 26:15 | Create | Knight |
| 26:15 | Create | Knight |
| 26:15 | Create | Knight |
| 26:26 | Build | Town Center |
| 26:29 | Create | Villager (Male) |
| 26:31 | Create | Villager (Male) |
| 26:31 | Create | Villager (Male) |
| 26:49 | Build | Farm |
| 27:39 | Create | Villager (Male) |
Build order — Deano
First 150 of 378 actions detected
| 1:51 | Build | Town Center |
| 2:09 | Build | House |
| 3:37 | Create | Villager (Male) |
| 3:37 | Create | Villager (Male) |
| 3:38 | Create | Villager (Male) |
| 3:38 | Create | Villager (Male) |
| 4:30 | Build | Lumber Camp |
| 5:04 | Create | Villager (Male) |
| 5:05 | Create | Villager (Male) |
| 5:25 | Create | Villager (Male) |
| 5:45 | Create | Villager (Male) |
| 6:19 | Build | House |
| 6:52 | Create | Villager (Male) |
| 6:52 | Create | Villager (Male) |
| 7:12 | Create | Villager (Male) |
| 8:02 | Create | Villager (Male) |
| 8:18 | Create | Villager (Male) |
| 8:18 | Create | Villager (Male) |
| 8:36 | Create | Villager (Male) |
| 8:42 | Build | House |
| 9:39 | Create | Villager (Male) |
| 9:47 | Build | House |
| 10:02 | Build | Barracks |
| 10:21 | Create | Villager (Male) |
| 10:40 | Create | Villager (Male) |
| 10:47 | Create | Villager (Male) |
| 10:48 | Create | Villager (Male) |
| 11:07 | Build | Palisade Wall |
| 11:23 | Build | Palisade Wall |
| 11:27 | Build | House |
| 12:28 | Research | Feudal Age |
| 12:34 | Build | Palisade Wall |
| 12:47 | Build | House |
| 12:52 | Build | House |
| 12:53 | Build | House |
| 13:11 | Build | Lumber Camp |
| 13:32 | Create | Villager (Male) |
| 13:32 | Create | Villager (Male) |
| 13:50 | Build | Mill |
| 14:03 | Build | House |
| 14:05 | Build | House |
| 14:07 | Build | House |
| 14:11 | Build | Palisade Wall |
| 14:13 | Build | Palisade Wall |
| 14:23 | Research | Loom |
| 14:31 | Build | Farm |
| 14:31 | Build | Farm |
| 14:38 | Age | Feudal Age |
| 14:39 | Build | Farm |
| 14:39 | Build | Farm |
| 14:39 | Build | Farm |
| 14:40 | Build | Farm |
| 14:53 | Create | Villager (Male) |
| 15:11 | Create | Villager (Male) |
| 15:29 | Build | Archery Range |
| 15:39 | Create | Villager (Male) |
| 15:42 | Create | Villager (Male) |
| 15:47 | Build | Mining Camp |
| 15:54 | Build | Palisade Wall |
| 16:01 | Build | Farm |
| 16:06 | Create | Villager (Male) |
| 16:07 | Create | Villager (Male) |
| 16:34 | Build | House |
| 16:45 | Build | Building 487 |
| 17:00 | Build | Archery Range |
| 17:07 | Create | Archer |
| 17:20 | Create | Villager (Male) |
| 17:43 | Create | Archer |
| 17:59 | Build | Blacksmith |
| 18:06 | Create | Villager (Male) |
| 18:09 | Create | Villager (Male) |
| 18:17 | Research | Double-Bit Axe |
| 18:19 | Research | Horse Collar |
| 18:40 | Research | Wheelbarrow |
| 18:42 | Create | Archer |
| 18:51 | Create | Archer |
| 18:51 | Create | Archer |
| 19:28 | Build | Market |
| 19:34 | Build | Palisade Wall |
| 19:36 | Build | Palisade Wall |
| 19:39 | Build | Palisade Wall |
| 19:49 | Create | Villager (Male) |
| 19:49 | Create | Villager (Male) |
| 19:57 | Build | Farm |
| 19:58 | Build | Farm |
| 19:58 | Build | Farm |
| 20:04 | Build | Farm |
| 20:20 | Build | Farm |
| 20:31 | Create | Archer |
| 20:31 | Create | Archer |
| 20:35 | Research | Fletching |
| 20:36 | Research | Padded Archer Armor |
| 20:51 | Build | Farm |
| 21:05 | Build | Farm |
| 21:12 | Build | Farm |
| 21:29 | Build | Palisade Wall |
| 21:43 | Build | Palisade Wall |
| 21:58 | Create | Villager (Male) |
| 22:48 | Research | Castle Age |
| 22:51 | Create | Archer |
| 22:52 | Create | Archer |
| 23:06 | Build | House |
| 23:09 | Build | House |
| 23:46 | Build | Mining Camp |
| 24:18 | Create | Archer |
| 24:18 | Create | Archer |
| 24:25 | Build | House |
| 24:41 | Create | Archer |
| 24:42 | Create | Archer |
| 25:01 | Create | Villager (Male) |
| 25:01 | Create | Villager (Male) |
| 25:05 | Create | Villager (Male) |
| 25:06 | Create | Villager (Male) |
| 25:07 | Create | Villager (Male) |
| 25:28 | Age | Castle Age |
| 25:40 | Create | Villager (Male) |
| 25:46 | Research | Crossbowman (upgrade) |
| 25:57 | Build | Town Center |
| 26:24 | Research | Leather Archer Armor |
| 26:34 | Create | Villager (Male) |
| 26:47 | Create | Archer |
| 26:48 | Create | Archer |
| 26:55 | Create | Villager (Male) |
| 26:56 | Create | Villager (Male) |
| 26:56 | Create | Villager (Male) |
| 26:56 | Create | Villager (Male) |
| 27:06 | Create | Villager (Male) |
| 27:06 | Create | Villager (Male) |
| 27:07 | Create | Villager (Male) |
| 27:08 | Create | Villager (Male) |
| 27:08 | Create | Villager (Male) |
| 27:30 | Build | House |
| 27:32 | Build | House |
| 27:32 | Build | House |
| 27:37 | Create | Archer |
| 27:38 | Create | Archer |
| 27:47 | Create | Villager (Male) |
| 28:34 | Create | Villager (Male) |
| 28:59 | Create | Archer |
| 28:59 | Create | Archer |
| 29:00 | Create | Archer |
| 29:00 | Create | Archer |
| 29:08 | Research | Bodkin Arrow |
| 29:12 | Create | Villager (Male) |
| 29:12 | Create | Villager (Male) |
| 29:13 | Create | Villager (Male) |
| 29:13 | Create | Villager (Male) |
| 29:19 | Build | University |
| 29:31 | Research | Pikeman (upgrade) |
| 29:35 | Research | Scale Mail Armor |
Build order — GummyBear
First 150 of 427 actions detected
| 0:10 | Build | Town Center |
| 2:13 | Create | Villager (Male) |
| 2:13 | Create | Villager (Male) |
| 2:14 | Create | Villager (Male) |
| 2:14 | Create | Villager (Male) |
| 2:14 | Create | Villager (Male) |
| 2:41 | Build | House |
| 2:43 | Build | House |
| 2:52 | Build | House |
| 3:00 | Research | Loom |
| 3:00 | Create | Villager (Male) |
| 3:16 | Create | Villager (Male) |
| 3:38 | Build | House |
| 3:45 | Build | House |
| 4:23 | Create | Villager (Male) |
| 4:23 | Create | Villager (Male) |
| 4:23 | Create | Villager (Male) |
| 4:39 | Create | Villager (Male) |
| 5:00 | Create | Villager (Male) |
| 5:19 | Create | Villager (Male) |
| 6:07 | Build | Mill |
| 6:12 | Create | Villager (Male) |
| 6:48 | Create | Villager (Male) |
| 6:49 | Create | Villager (Male) |
| 7:16 | Create | Villager (Male) |
| 7:22 | Build | Barracks |
| 8:04 | Create | Villager (Male) |
| 8:18 | Create | Villager (Male) |
| 8:21 | Build | House |
| 8:48 | Create | Villager (Male) |
| 9:08 | Build | Mill |
| 9:38 | Build | Mill |
| 9:43 | Create | Villager (Male) |
| 9:43 | Create | Villager (Male) |
| 10:00 | Create | Villager (Male) |
| 10:31 | Build | House |
| 10:32 | Build | House |
| 10:33 | Build | House |
| 10:59 | Research | Feudal Age |
| 11:34 | Build | House |
| 11:35 | Build | House |
| 11:42 | Build | Lumber Camp |
| 12:28 | Build | House |
| 12:32 | Build | House |
| 12:40 | Create | Villager (Male) |
| 13:09 | Age | Feudal Age |
| 13:16 | Build | Blacksmith |
| 13:19 | Build | Stable |
| 13:27 | Create | Villager (Male) |
| 13:57 | Create | Villager (Male) |
| 14:11 | Build | Mining Camp |
| 14:27 | Research | Castle Age |
| 14:55 | Create | Villager (Male) |
| 15:02 | Build | Mill |
| 15:21 | Build | House |
| 15:30 | Build | House |
| 15:35 | Build | House |
| 15:36 | Build | House |
| 16:52 | Create | Scout Cavalry |
| 17:00 | Build | House |
| 17:02 | Build | Palisade Wall |
| 17:07 | Age | Castle Age |
| 17:09 | Build | Palisade Wall |
| 17:13 | Create | Villager (Male) |
| 17:35 | Create | Villager (Male) |
| 17:39 | Build | Town Center |
| 17:40 | Create | Villager (Male) |
| 18:00 | Create | Villager (Male) |
| 18:04 | Research | Double-Bit Axe |
| 18:05 | Research | Horse Collar |
| 18:27 | Create | Villager (Male) |
| 19:15 | Build | Farm |
| 19:31 | Build | Archery Range |
| 19:35 | Create | Villager (Male) |
| 19:40 | Build | Farm |
| 19:42 | Build | Farm |
| 19:43 | Build | Farm |
| 19:44 | Build | Farm |
| 19:49 | Create | Villager (Male) |
| 20:06 | Build | Farm |
| 20:14 | Create | Villager (Male) |
| 20:18 | Build | Farm |
| 20:47 | Build | Castle |
| 20:51 | Build | Farm |
| 20:53 | Create | Villager (Male) |
| 20:54 | Create | Villager (Male) |
| 21:08 | Build | Monastery |
| 21:12 | Create | Villager (Male) |
| 21:21 | Build | Farm |
| 21:25 | Build | Farm |
| 21:28 | Create | Villager (Male) |
| 21:29 | Create | Villager (Male) |
| 21:47 | Build | Farm |
| 22:02 | Create | Villager (Male) |
| 22:04 | Build | Farm |
| 22:09 | Create | Villager (Male) |
| 22:21 | Build | Farm |
| 22:24 | Create | Villager (Male) |
| 22:24 | Create | Villager (Male) |
| 22:26 | Create | Mangudai |
| 22:47 | Create | Villager (Male) |
| 22:47 | Create | Villager (Male) |
| 22:57 | Create | Villager (Male) |
| 22:59 | Create | Mangudai |
| 23:02 | Build | Farm |
| 23:17 | Build | Lumber Camp |
| 23:18 | Create | Villager (Male) |
| 23:19 | Create | Villager (Male) |
| 23:27 | Create | Mangudai |
| 23:36 | Create | Villager (Male) |
| 23:37 | Create | Villager (Male) |
| 23:46 | Create | Villager (Male) |
| 23:46 | Create | Villager (Male) |
| 23:47 | Create | Mangudai |
| 24:04 | Create | Mangudai |
| 24:09 | Build | Farm |
| 24:21 | Create | Villager (Male) |
| 24:22 | Create | Mangudai |
| 24:27 | Research | Fletching |
| 24:40 | Create | Villager (Male) |
| 24:40 | Create | Villager (Male) |
| 24:45 | Research | Padded Archer Armor |
| 24:48 | Create | Mangudai |
| 25:02 | Create | Villager (Male) |
| 25:03 | Create | Villager (Male) |
| 25:04 | Create | Monk |
| 25:24 | Create | Mangudai |
| 25:33 | Build | Farm |
| 25:35 | Create | Villager (Male) |
| 25:35 | Create | Villager (Male) |
| 25:46 | Research | Bodkin Arrow |
| 25:51 | Build | University |
| 26:01 | Build | Farm |
| 26:05 | Create | Villager (Male) |
| 26:06 | Create | Villager (Male) |
| 26:06 | Create | Mangudai |
| 26:15 | Create | Villager (Male) |
| 26:16 | Create | Villager (Male) |
| 26:23 | Create | Mangudai |
| 26:29 | Build | Farm |
| 26:34 | Build | Mill |
| 26:41 | Create | Villager (Male) |
| 26:41 | Create | Villager (Male) |
| 27:40 | Build | Farm |
| 27:40 | Build | Farm |
| 27:43 | Create | Villager (Male) |
| 27:45 | Create | Villager (Male) |
| 27:46 | Create | Villager (Male) |
| 27:46 | Create | Mangudai |
| 27:47 | Create | Mangudai |
Build order — Misfit
First 150 of 434 actions detected
| 1:16 | Build | Town Center |
| 2:48 | Build | House |
| 3:14 | Create | Villager (Male) |
| 3:14 | Create | Villager (Male) |
| 3:15 | Create | Villager (Male) |
| 3:33 | Build | House |
| 3:42 | Create | Villager (Male) |
| 3:56 | Build | House |
| 4:37 | Create | Villager (Male) |
| 5:18 | Create | Villager (Male) |
| 5:38 | Create | Villager (Male) |
| 6:10 | Research | Loom |
| 6:21 | Create | Villager (Male) |
| 6:22 | Create | Villager (Male) |
| 6:44 | Create | Villager (Male) |
| 6:45 | Create | Villager (Male) |
| 7:19 | Create | Villager (Male) |
| 7:19 | Create | Villager (Male) |
| 7:46 | Create | Villager (Male) |
| 7:47 | Create | Villager (Male) |
| 7:54 | Build | House |
| 8:17 | Build | Mill |
| 8:21 | Create | Villager (Male) |
| 8:22 | Create | Villager (Male) |
| 8:40 | Create | Villager (Male) |
| 9:10 | Create | Villager (Male) |
| 9:11 | Create | Villager (Male) |
| 9:32 | Create | Villager (Male) |
| 9:50 | Create | Villager (Male) |
| 10:04 | Create | Villager (Male) |
| 10:04 | Create | Villager (Male) |
| 11:13 | Build | Dock |
| 11:18 | Create | Villager (Male) |
| 11:18 | Create | Villager (Male) |
| 11:55 | Build | Mining Camp |
| 11:57 | Create | Fishing Ship |
| 11:57 | Create | Fishing Ship |
| 12:12 | Create | Villager (Male) |
| 12:13 | Create | Villager (Male) |
| 12:49 | Build | House |
| 13:02 | Build | House |
| 13:04 | Build | House |
| 13:05 | Build | House |
| 13:06 | Build | House |
| 13:10 | Build | Barracks |
| 13:17 | Create | Fishing Ship |
| 14:04 | Research | Feudal Age |
| 14:16 | Create | Fishing Ship |
| 14:50 | Create | Fishing Ship |
| 15:23 | Create | Fishing Ship |
| 16:05 | Create | Fishing Ship |
| 16:07 | Create | Villager (Male) |
| 16:14 | Age | Feudal Age |
| 16:17 | Build | Mill |
| 16:28 | Build | Mill |
| 16:42 | Create | Villager (Male) |
| 16:50 | Build | Stable |
| 16:59 | Create | Villager (Male) |
| 17:03 | Create | Fishing Ship |
| 17:31 | Build | Blacksmith |
| 17:35 | Build | Stable |
| 18:26 | Build | Fish Trap |
| 18:27 | Build | Fish Trap |
| 18:29 | Build | Fish Trap |
| 18:31 | Build | Fish Trap |
| 18:39 | Build | Fish Trap |
| 18:45 | Build | Fish Trap |
| 18:51 | Build | Fish Trap |
| 18:55 | Build | Fish Trap |
| 19:30 | Research | Castle Age |
| 19:37 | Build | Fish Trap |
| 19:40 | Build | Fish Trap |
| 20:12 | Build | Fish Trap |
| 20:16 | Build | Fish Trap |
| 21:27 | Create | Villager (Male) |
| 22:10 | Age | Castle Age |
| 22:20 | Create | Villager (Male) |
| 22:24 | Create | Knight ×5 |
| 22:35 | Build | Town Center |
| 22:53 | Build | Town Center |
| 22:57 | Create | Villager (Male) |
| 22:58 | Create | Villager (Male) |
| 23:57 | Create | Knight ×3 |
| 24:02 | Create | Villager (Male) ×4 |
| 24:21 | Research | Husbandry |
| 24:32 | Build | Farm |
| 24:35 | Build | Farm |
| 24:36 | Build | Farm |
| 24:38 | Build | Farm |
| 25:25 | Research | Cavalier (upgrade) |
| 25:33 | Create | Villager (Male) |
| 25:42 | Build | Farm |
| 25:43 | Build | Farm |
| 26:10 | Research | Scale Barding Armor |
| 26:57 | Research | Forging |
| 26:58 | Research | Chain Barding Armor |
| 27:14 | Research | Town Watch |
| 27:28 | Create | Villager (Male) ×2 |
| 28:26 | Create | Knight ×2 |
| 29:07 | Create | Villager (Male) ×4 |
| 30:07 | Create | Knight ×3 |
| 30:17 | Build | Farm |
| 30:17 | Build | Farm |
| 30:17 | Build | Farm |
| 30:17 | Build | Farm |
| 30:18 | Build | Farm |
| 30:18 | Build | Farm |
| 30:18 | Build | Farm |
| 30:18 | Build | Farm |
| 30:19 | Build | Farm |
| 30:24 | Create | Villager (Male) |
| 30:25 | Create | Villager (Male) |
| 30:38 | Create | Villager (Male) |
| 31:22 | Create | Knight ×2 |
| 31:57 | Build | Castle |
| 32:09 | Create | Knight ×4 |
| 32:20 | Create | Villager (Male) |
| 32:54 | Build | Town Center |
| 32:58 | Build | Farm |
| 32:58 | Build | Farm |
| 32:58 | Build | Farm |
| 32:58 | Build | Farm |
| 32:59 | Build | Farm |
| 32:59 | Build | Farm |
| 32:59 | Build | Farm |
| 33:00 | Build | Farm |
| 33:00 | Build | Farm |
| 33:01 | Build | Farm |
| 33:01 | Build | Farm |
| 33:03 | Build | Farm |
| 33:07 | Create | Villager (Male) ×5 |
| 33:53 | Create | Villager (Male) ×5 |
| 34:01 | Build | Mining Camp |
| 34:57 | Research | Town Patrol |
| 36:34 | Create | Villager (Male) ×5 |
| 37:21 | Build | Lumber Camp |
| 37:23 | Create | Villager (Male) ×5 |
| 38:46 | Research | Wheelbarrow |
| 38:47 | Create | Villager (Male) ×5 |
| 39:02 | Create | Coustillier ×5 |
| 39:09 | Create | Villager (Male) ×5 |
| 39:38 | Build | Monastery |
| 39:47 | Build | House |
| 39:47 | Build | House |
| 39:48 | Build | House |
| 39:48 | Build | House |
| 39:48 | Build | House |
| 39:50 | Build | House |
| 39:50 | Build | House |
| 39:51 | Build | House |
Match timeline
| 7:22 | GummyBear · first_building Barracks |
| 10:02 | Deano · first_building Barracks |
| 11:07 | Deano · wall_segment Palisade Wall x2 |
| 11:13 | Misfit · first_building Dock |
| 11:23 | Deano · wall_segment Palisade Wall x3 |
| 12:34 | Deano · wall_segment Palisade Wall x1 |
| 12:45 | Glue Balloons · first_building Barracks |
| 13:09 | GummyBear · age_up feudal |
| 13:10 | Misfit · first_building Barracks |
| 13:19 | GummyBear · first_building Stable |
| 14:11 | Deano · wall_segment Palisade Wall x1 |
| 14:13 | Deano · wall_segment Palisade Wall x1 |
| 14:38 | Deano · age_up feudal |
| 14:53 | Glue Balloons · age_up feudal |
| 14:58 | Glue Balloons · first_building Stable |
| 15:29 | Deano · first_building Archery Range |
| 15:54 | Deano · wall_segment Palisade Wall x1 |
| 16:14 | Misfit · age_up feudal |
| 16:50 | Misfit · first_building Stable |
| 17:02 | GummyBear · wall_segment Palisade Wall x1 |
| 17:07 | GummyBear · age_up castle |
| 17:09 | GummyBear · wall_segment Palisade Wall x1 |
| 19:31 | GummyBear · first_building Archery Range |
| 19:34 | Deano · wall_segment Palisade Wall x1 |
| 19:36 | Deano · wall_segment Palisade Wall x1 |
| 19:39 | Deano · wall_segment Palisade Wall x1 |
| 20:47 | GummyBear · first_building Castle |
| 21:08 | GummyBear · first_building Monastery |
| 21:29 | Deano · wall_segment Palisade Wall x14 |
| 21:43 | Deano · wall_segment Palisade Wall x1 |
| 21:49 | Glue Balloons · age_up castle |
| 22:10 | Misfit · age_up castle |
| 22:25 | Deano · first_market_sell 100 wood |
| 22:28 | Deano · first_market_buy 100 food |
| 25:28 | Deano · age_up castle |
| 27:57 | Glue Balloons · first_building Monastery |
| 30:09 | Glue Balloons · first_building Castle |
| 31:57 | Misfit · first_building Castle |
| 31:58 | Deano · first_building Castle |
| 33:36 | Glue Balloons · first_market_buy 100 food |
| 36:32 | Glue Balloons · first_market_sell 500 wood |
| 36:36 | Deano · wall_segment Stone Wall x1 |
| 38:31 | Deano · age_up imperial |
| 39:38 | Misfit · first_building Monastery |
| 39:48 | Glue Balloons · age_up imperial |
| 40:30 | Glue Balloons · first_building Siege Workshop |
| 40:37 | Glue Balloons · first_building Archery Range |
| 41:14 | GummyBear · wall_segment Stone Wall x3 |
| 41:16 | GummyBear · wall_segment Stone Wall x3 |
| 41:18 | GummyBear · wall_segment Stone Wall x1 |
| 42:41 | Misfit · first_building Archery Range |
| 43:39 | GummyBear · age_up imperial |
| 43:46 | GummyBear · first_market_sell 500 wood |
| 44:28 | Deano · wall_segment Stone Wall x13 |
| 45:18 | GummyBear · first_building Siege Workshop |
| 53:51 | Misfit · age_up imperial |
| 57:21 | GummyBear · first_market_buy 100 wood |
| 61:53 | Deano · resign |
[ AI ANALYSIS · 1 CREDIT ]
What really happened in this match?
Wolo.gg analyzes every decision: build order, eco, micro, common mistakes by bracket. Personalized analysis on WhatsApp or Discord in 30 seconds.
Civ guide
Spanish
Map guide
African Clearing
Perfil
Jugador #396931